 Dungeon Sprint DCSS version 0.29.1-2-gbd0b4ee654 (webtiles) character file.

Game seed: 12887666080775446095

498 Zeld the Cleaver (level 6, -5/55 HPs)
             Began as a Minotaur Berserker on Oct 26, 2022.
             Was a Priest of Trog.
             Slain by a neqoxec (10 damage)
             ... in the Dungeon (Sprint II: "The Violet Keep of Menkaure").
             The game lasted 00:00:42 (495 turns).

Zeld the Cleaver (Minotaur Berserker)                Turns: 495, Time: 00:00:43

Health: -5/55      AC:  2    Str: 23    XL:     6   Next: 94%
Magic:  5/5        EV: 14    Int:  4    God:    Trog [***...]
Gold:   486        SH:  0    Dex: 10    Spells: 5/5 levels left

rFire   . . .      SeeInvis .   a - +0 hand axe
rCold   . . .      Faith    .   (no shield)
rNeg    . . .      Spirit   .   b - +0 animal skin
rPois   .          Reflect  .   (helmet restricted)
rElec   .          Harm     .   (no cloak)
rCorr   .          Rampage  .   (no gloves)
Will    ++...      NoTele   +   (no boots)
Stlth   +.........              (no amulet)
HPRegen 1.18/turn               (no ring)
MPRegen 0.09/turn               (no ring)

@: strong-willed, on berserk cooldown, regenerating, slowed, lost intelligence,
unable to read, unable to drink, very slow
A: horns 2, retaliatory headbutt, frail 1, inability to drink after injury 1
a: Renounce Religion, Berserk, Trog's Hand


You were in the Dungeon.
You worshipped Trog.
Trog was most pleased with you.
You visited 1 branch You collected 486 gold pieces.

Inventory:

Hand Weapons
 a - a +0 hand axe (weapon)
Armour
 b - a +0 animal skin (worn)
Scrolls
 h - a scroll of blinking
Potions
 c - a potion of curing
 d - a potion of heal wounds
 e - a potion of haste
 f - 2 potions of magic
 g - a potion of berserk rage


   Skills:
 + Level 8.8 Fighting
 * Level 11.8 Axes
 + Level 8.3 Armour
 + Level 7.6 Dodging


You had 5 spell levels left.
You didn't know any spells.
Your spell library was empty.

Dungeon Overview and Level Annotations

Branches:
Dungeon (1/1)

Altars:


Innate Abilities, Weirdness & Mutations

You have a pair of horns on your head.
You reflexively headbutt those who attack you in melee.
You are frail. (-10% HP)
You occasionally lose the ability to drink potions when taking damage.


Message History

You are no longer berserk.
You are exhausted.
You feel yourself slow down.
Unknown command.
You miss the neqoxec.
The neqoxec is moderately wounded.
The neqoxec gestures at you.
Strange energies course through your body.
You occasionally lose the ability to drink potions when taking damage.
The neqoxec gestures at you.
Something tries to feed on your intellect!
You cannot read scrolls in your current state!
Unknown command.
You cannot read scrolls in your current state!
Unknown command.
You slash the neqoxec!
The neqoxec is severely wounded.
The neqoxec hits you!
You feel threatened and lose the ability to drink potions!
* * * LOW HITPOINT WARNING * * *
The neqoxec hits you.
* * * LOW HITPOINT WARNING * * *
Unknown command.
You cannot read scrolls in your current state!
Unknown command.
You cannot drink potions in your current state!
Unknown command.
You cannot drink potions in your current state!
Unknown command.
There is a staircase leading out of the dungeon here.
Unknown command.
The neqoxec misses you. You furiously retaliate!
You headbutt the neqoxec, but do no damage.
Unknown command.
The neqoxec attacks as you move away! The neqoxec barely misses you.
There is an open door here.
Your skin crawls.
You feel strong-willed. The neqoxec hits you!
You die...

##+##
##...##
#..#..#
####.#.##
##.###@##
#...##3##
+.##'.3.+
###†##.##
#.###'#
### .$.
.##.. ##
###


You could see 2 neqoxecs.

Vanquished Creatures
  2 neqoxecs (D)
  4 necrophages (D)
  3 worms (D)
9 creatures vanquished.

Vanquished Creatures (others)
  A water moccasin (D)
1 creature vanquished.

Grand Total: 10 creatures vanquished

Notes
Turn   | Place    | Note
-------+----------+-------------------------------------------
     0 | D        | Zeld the Minotaur Berserker began the quest for the Orb.
     0 | D        | Reached XP level 1. HP: 19/19 MP: 0/0
     1 | D        | Noticed a necrophage
     1 | D        | Noticed a necrophage
     1 | D        | Noticed a necrophage
     1 | D        | Noticed a necrophage
     5 | D        | Killed a necrophage
     6 | D        | Reached skill level 5 in Fighting
     6 | D        | Reached skill level 6 in Axes
     6 | D        | Reached XP level 2. HP: 29/29 MP: 1/1
     6 | D        | Reached XP level 3. HP: 36/36 MP: 2/2
     8 | D        | Killed a necrophage
     9 | D        | Reached skill level 8 in Axes
     9 | D        | Reached skill level 5 in Armour
     9 | D        | Reached skill level 5 in Dodging
     9 | D        | Reached XP level 4. HP: 44/44 MP: 3/3
    14 | D        | Killed a necrophage
    14 | D        | Reached ** piety under Trog
    15 | D        | Reached skill level 9 in Axes
    15 | D        | Reached XP level 5. HP: 44/51 MP: 4/4
    80 | D        | Killed a water moccasin
   334 | D        | Reached *** piety under Trog
   476 | D        | Noticed a neqoxec
   476 | D        | Noticed a neqoxec
   476 | D        | Noticed a neqoxec
   476 | D        | Noticed a neqoxec
   480 | D        | Lost intelligence.
   484 | D        | Killed a neqoxec
   485 | D        | Reached skill level 11 in Axes
   485 | D        | Reached XP level 6. HP: 31/61 MP: 5/5
   488 | D        | Killed a neqoxec
   488 | D        | Gained mutation: You are frail. (-10% HP) [a neqoxec]
   490 | D        | Gained mutation: You occasionally lose the ability to drink
                  | potions when taking damage. [a neqoxec]
   495 | D        | Slain by a neqoxec

Illustrated notes

Levels and vault maps discovered:
D:        the_violet_keep_of_menkaure [sprint2_stairs_cluster_1,
          sprint2_shoproom, sprint2_temple, sprint2_basic_supplies,
          sprint2_obstacle_2, sprint2_obstacle_1, sprint2_obstacle_4,
          sprint2_obstacle_7, sprint2_obstacle_6, sprint2_timed_cluster_1,
          sprint2_smallroom_cluster_1, sprint2_smallroom_final_cluster_1,
          sprint2_transparent_cluster_1, sprint2_second_timed_cluster_1,
          sprint2_sniper_area_1, sprint2_heavy_combat_area_1,
          sprint2_mutation_trap_area_1, sprint2_forest_area_1,
          sprint2_light_combat_area_1, sprint2_behind_water_1,
          sprint2_near_end_vault_1]

Skill      XL: |  1  2  3  4  5  6 |
---------------+-------------------+-----
Fighting       | 5 6 8 |  8.8
Axes           | 6 8 9 11 | 11.8
Armour         | 4 5 6 7 8 |  8.3
Dodging        | 4 5 7 |  7.6

Action                   |  1- 3 |  4- 6 || total
-------------------------+-------+-------++-------
Melee: Hand axe          |     6 |    26 ||    32
       Headbutt          |     3 |     4 ||     7
       Punch             |       |     1 ||     1
Invok: Berserk           |     1 |     2 ||     3
       Trog's Hand       |       |     1 ||     1
Armor: Animal skin       |       |     2 ||     2
Dodge: Dodged            |       |     7 ||     7
